 Dungeon Crawl Stone Soup version 0.29-a0-997-gf6f7e2dfe7 (webtiles) character file.

Game seed: 2697176669460894148

62365 Spectrina the Thaumaturge (level 15, -3/112 HPs)
             Began as a Djinni Venom Mage on Aug 3, 2022.
             Was an Initiate of Yredelemnul.
             Slain by a freezing wraith (11 damage)
             ... in an ice cave on Aug 5, 2022.
             The game lasted 03:33:10 (13030 turns).

Spectrina the Thaumaturge (Djinni Venom Mage)      Turns: 13030, Time: 03:33:12

Health: -3/112     AC: 25    Str: 11      XL:     15   Next: 45%
Gold:   510        EV:  9    Int: 20 (25) God:    Yredelemnul [......] SH:  9 Dex: 19

rFire   + + .      SeeInvis .   b - +5 trident "Jeigil" {speed, rF+ Dex+2}
rCold   . . .      Faith    .   u - +1 kite shield {rC+}
rNeg    + . .      Spirit   .   e - +6 ring mail of the Barber Surgeon {rF- Dex+3 Slay+4}
rPois   ∞          Reflect  .   B - +2 hat {Int+3}
rElec   .          Harm     .   J - +2 cloak of the Cicada {rN+ Regen+}
rCorr   .          Rampage  .   g - +0 pair of gloves
Will    +....      NoTele   +   (boots unavailable)
Stlth   ++++......              o - amulet of regeneration
HPRegen 1.88/turn               X - +4 ring of protection
MPRegen 0.00/turn               v - +4 ring of slaying

@: mighty, immobile, flying, very slightly contaminated, slowed, very slow
A: sickness immunity, fire resistance 2, cold vulnerability 1, float, innate
caster, HP casting, extra vitality 1, iridescent scales 2, mutation resistance
1, strong 1
a: Renounce Religion, Recall Undead Harvest


You were in an ice cave.
You worshipped Yredelemnul.
Yredelemnul was aware of your devotion.
You visited 5 branches of the dungeon, and saw 20 of its levels.
You also visited: Ice Cave.

You collected 1755 gold pieces.
You spent 1245 gold pieces at shops.

Inventory:

Hand Weapons
 b - the +5 trident "Jeigil" (weapon) {speed, rF+ Dex+2}
   (You found it on level 5 of the Lair of Beasts)

   Attacks with this weapon are significantly faster.
   Dex:       It affects your dexterity (+2).
   rF:        It protects you from fire.
 n - the +5 hand axe "Taciuwyrgh" {vorpal, rN+ Str+4}
   (You found it on level 5 of the Lair of Beasts)

   It inflicts extra damage upon your enemies.
   Str:       It affects your strength (+4).
   rN:        It protects you from negative energy.
 G - the +6 war axe of Manosyiw {speed, rPois rC++ Int-3}
   (You found it on level 1 of the Lair of Beasts)

   Attacks with this weapon are significantly faster.
   Int:       It affects your intelligence (-3).
   rC:        It greatly protects you from cold.
   rPois:     It protects you from poison.
Missiles
 O - 4 atropa-tipped darts (quivered)
 Y - 6 throwing nets
Armour
 e - the +6 ring mail of the Barber Surgeon (worn) {rF- Dex+3 Slay+4}
   (You found it on level 5 of the Lair of Beasts)

   Dex:       It affects your dexterity (+3).
   Slay:      It affects your accuracy & damage with ranged weapons and melee
   (+4).
   rF:        It makes you vulnerable to fire.
 g - a +0 pair of gloves (worn)
 u - a +1 kite shield of cold resistance (worn)
 B - a +2 hat of intelligence (worn)
 J - the +2 cloak of the Cicada (worn) {rN+ Regen+}
   (You bought it in a shop on level 4 of the Dungeon)

   rN:        It protects you from negative energy.
   Regen:     It increases your rate of health regeneration.
 K - a +2 buckler
Magical Staves
 a - a staff of poison
 D - a staff of air
Jewellery
 h - a ring of fire
 j - a ring of willpower
 k - a ring of resist corrosion
 o - an amulet of regeneration (around neck)
 v - a +4 ring of slaying (right hand)
 E - a ring of positive energy
 H - a ring of see invisible
 X - a +4 ring of protection (left hand)
 Z - a ring of ice
Wands
 s - a wand of iceblast (10)
 t - a wand of charming (15)
 L - a wand of digging (7)
 R - a wand of flame (23)
Scrolls
 f - 6 scrolls of fog
 p - 8 scrolls of teleportation
 q - 5 scrolls of vulnerability
 w - a scroll of magic mapping
 x - a scroll of poison
 y - 4 scrolls of immolation
 F - 4 scrolls of blinking
 M - 6 scrolls of identify
 P - a scroll of fear
Potions
 d - 7 potions of haste
 i - a potion of mutation
 l - a potion of lignification
 m - 3 potions of attraction
 r - 6 potions of heal wounds
 z - 2 potions of ambrosia
 A - 2 potions of brilliance
 I - a potion of resistance
 Q - 8 potions of curing
 U - 2 potions of might
Miscellaneous
 c - a piece from Xom's chessboard (13/15)
 T - a phial of floods


   Skills:
 + Level 11.9 Fighting
 - Level 2.1 Dodging
 + Level 11.0 Stealth
 * Level 13.2 Spellcasting
 + Level 11.8 Invocations


You had 5 spell levels left.
You knew the following spells:

 Your Spells              Type           Power      Damage    Failure   Level
a - Sting                 Tmut/Pois      100%       1d8       1%          1
b - Dispersal             Tloc           30%        N/A       28%         6
f - Conjure Flame         Conj/Fire      60%        6-21      1%          3
j - Metabolic Englaciati  Hex/Ice        30%        N/A       5%          5
l - Petrify               Tmut/Erth      60%        N/A       1%          4
m - Mephitic Cloud        Conj/Pois/Air  60%        N/A       1%          3
p - Call Imp              Summ           60%        N/A       1%          2
q - Poisonous Vapours     Pois/Air       100%       N/A       1%          2
r - Olgreb's Toxic Radia  Pois           60%        N/A       1%          4
x - Apportation           Tloc           100%       N/A       1%          1
M - Animate Dead          Necr           60%        N/A       1%          4
Your spell library was empty.

Dungeon Overview and Level Annotations

Branches:
Dungeon (11/15)            Temple (1/1) D:4            Lair (5/5) D:11
  Swamp (1/4) Lair:3        Slime (0/5) Lair:4          Orc (2/2) D:9
    Elf (0/3) Orc:2         IceCv (1/1)
  Snake: Lair:2-3    Spider: Lair:2-3

Altars:
Ashenzari
Cheibriados
Dithmenos
Elyvilon
Fedhas
Gozag
Hepliaklqana
Makhleb
Nemelex Xobeh
Okawaru
Qazlal
Ru
Trog
Uskayaw
Wu Jian
Xom
Yredelemnul
Zin
The Shining One
Jiyva

Shops:
D:4 [!*:   D:6 [   Orc:2 ![!?=

Annotations:
IceCv exclusion: orange crystal statue


Innate Abilities, Weirdness & Mutations

You are immune to sickness and miasma.
You are immune to poison.
Your flesh is very heat resistant. (rF++)
You are vulnerable to cold. (rC-)
You float through the air rather than walking.
You learn spells naturally, not from books.
Your magical power is your life essence.
You have superior vitality. (+4 MHP)
You are mostly covered in iridescent scales. (AC +4)
You are somewhat resistant to further mutation.
Your muscles are strong. (Str +4, Int/Dex -1)


Message History

The freezing wraith blinks! x2; The lindwurm simulacrum disappears!
Unknown command.
Unknown command.
Casting: Dispersal (dangerous; 28% risk of failure)
Confirm with . or Enter, or press ? or * to list all spells.
Casting: Dispersal (dangerous; 28% risk of failure)
Press: ? - help, Dir - look around, f - activate You miscast Dispersal.
Strange energies run through your body.
You are magically locked in place.
The freezing wraith hits you but does no damage. x3
The freezing wraith barely misses you.
Unknown command.
Unknown command.
Casting: Dispersal (dangerous; 28% risk of failure)
Confirm with . or Enter, or press ? or * to list all spells.
Casting: Dispersal (dangerous; 28% risk of failure)
Press: ? - help, Dir - look around, f - activate You miscast Dispersal.
The floor and the ceiling briefly switch places.
You are magically locked in place.
The freezing wraith hits you! The freezing wraith freezes you!
* * * LOW HITPOINT WARNING * * *
The freezing wraith barely misses you. The freezing wraith hits you!
* * * LOW HITPOINT WARNING * * *
The freezing wraith freezes you!
* * * LOW HITPOINT WARNING * * *
The freezing wraith hits you but does no damage.
The orange crystal statue fixes its piercing gaze on you.
Something tries to feed on your intellect!
The freezing wraith hits you but does no damage. x4
Unknown command.
Unknown command.
You cannot blink because you are magically locked down.
You hit the freezing wraith.
The freezing wraith is lightly damaged.
You block the freezing wraith's attack.
The freezing wraith hits you but does no damage.
The freezing wraith hits you!
You die...
Your body rises from the dead as a mindless zombie.

#.......#
#.......#
#:..W..(#
#.......#
#.....:.#
####.####
#......8#
#.....W.#
#.....W@#
#.....Wu#
#.....W.#
##....Z##
##.Z.##
##.## ...
.....
.......


You could see a white very ugly thing, an orange crystal statue, 4 freezing
wraiths and 2 golden dragon simulacra.

Vanquished Creatures
  A very ugly thing (IceCv)
  A hydra (D:11)
  Harold (D:10)
  A caustic shrike simulacrum (IceCv)
  Erolcha (D:10)
  3 two-headed ogres
  A death yak (Lair:5)
  2 orc high priests
  A lindwurm (Lair:3)
  An orange crystal statue (IceCv)
  A bog body (Swamp:1)
  An orc knight (Orc:1)
  A deep elf pyromancer (D:11)
  5 elephants
  A cane toad (Lair:5)
  Maggie (D:9)
  A rime drake (Lair:5)
  2 freezing wraiths (IceCv)
  5 trolls
  A hornet (Lair:5)
  A tyrant leech (Swamp:1)
  4 polar bears
  12 blink frogs
  A snapping turtle (Lair:5)
  2 dream sheep (Lair:3)
  Sigmund (D:2)
  2 dire elephant simulacra (IceCv)
  A water elemental (D:11)
  A wraith (D:10)
  3 wyverns
  18 yaks
  A basilisk (Lair:3)
  A steam dragon (D:9)
  2 harpy simulacra (IceCv)
  A warg (Orc:1)
  2 water moccasins
  A hydra simulacrum (IceCv)
  An ice beast (D:7)
  A sky beast (D:6)
  2 alligator simulacra (IceCv)
  11 orc warriors
  A black bear (Lair:2)
  6 ogres
  4 centaurs
  8 wolves
  A phantom (D:7)
  3 kobold brigands
  4 bullfrogs
  A necrophage (D:4)
  2 scorpions
  5 killer bees (D:8)
  4 lindwurm simulacra (IceCv)
  6 electric eels
  2 jellies (D:4)
  5 howler monkeys (D:10)
  12 hounds
  2 gnoll boudas
  29 orc priests
  Ijyb (D:4)
  An iguana (D:5)
  Terence (D:3)
  16 orc wizards
  Natasha (twice) (D:2 D:1)
  An ogre zombie (Orc:2)
  4 adders
  16 gnolls
  2 white imps
  3 ufetubi
  A human zombie (D:2)
  7 dart slugs
  107 orcs
  5 ball pythons
  10 endoplasms
  A giant cockroach (D:1)
  7 hobgoblins
  2 quokkas
  7 bats
  3 frilled lizards
  2 gnoll zombies (D:9)
  10 goblins
  14 kobolds
  A kobold zombie (D:9)
  8 orc zombies
  7 rats
  A spectral hobgoblin (D:1)
  2 butterflies (Lair:5)
438 creatures vanquished.

Vanquished Creatures (collateral kills)
  A dire elephant (Lair:5)
  2 catoblepae (Lair:3)
  2 hydras
  A death yak (Lair:5)
  4 orc high priests (Orc:2)
  3 sea snakes (Lair:5)
  An orc knight (Orc:1)
  A cyclops (D:11)
  2 manticores (Lair:5)
  11 elephants
  A will-o-the-wisp (Lair:5)
  3 black mambas
  4 torpor snails
  11 cane toads
  A gargoyle (D:11)
  10 komodo dragons
  A rime drake (Lair:5)
  2 trolls
  3 polar bears (Lair:4)
  A wind drake (Lair:5)
  10 blink frogs
  A dream sheep (Lair:3)
  6 slime creatures
  A snapping turtle (Lair:5)
  15 yaks
  3 wyverns
  2 water elementals (D:11)
  A basilisk (Lair:5)
  A steam dragon (Lair:3)
  5 vampire mosquitoes (Lair:5)
  A harpy simulacrum (IceCv)
  An acid dragon (D:8)
  4 wargs (Orc:2)
  10 water moccasins
  3 orc warriors
  A black bear (D:6)
  2 ice beasts
  4 ogres
  2 swamp drakes
  5 wolves (Lair:1)
  A gnoll sergeant (D:8)
  3 bullfrogs
  A necrophage (D:5)
  A wyvern zombie (D:9)
  An electric eel (D:11)
  A hound (Lair:1)
  4 jellies
  8 orc priests (Orc:2)
  Crazy Yiuf (D:2)
  4 orc wizards
  3 gnolls
  11 orcs
  A gnoll zombie (D:9)
  13 orc zombies
  A butterfly (Lair:3)
197 creatures vanquished.

Vanquished Creatures (others)
  A spectral orc (D:10)
  An orc high priest (Orc:2)
  A death yak zombie (Lair:5)
  A freezing wraith (IceCv)
  A black mamba zombie (Lair:3)
  A shadow (D:10)
  2 cane toad zombies (Lair:5)
  A two-headed ogre zombie (D:11)
  An orc warrior (Orc:1)
  6 blink frog zombies
  An ogre (Orc:2)
  A torpor snail zombie (Lair:4)
  2 vampire mosquito zombies (Lair:5)
  A komodo dragon zombie (D:10)
  2 wyvern zombies
  3 yak zombies (Lair:5)
  A troll zombie (Orc:2)
  A wolf zombie (Lair:1)
  A centaur zombie (D:10)
  2 bullfrog zombies
  An orc priest (Orc:2)
  2 ogre zombies
  4 hound zombies
  A spectral electric eel (D:11)
  A howler monkey zombie (D:10)
  A spectral white imp (D:7)
  An adder zombie (D:2)
  2 jelly zombies (Lair:4)
  An orc (Orc:2)
  A gnoll zombie (D:9)
  A goblin zombie (D:4)
  3 kobold zombies (D:10)
  42 orc zombies
  3 foxfires (Lair:5)
  41 fungi
  82 plants
218 creatures vanquished.

Grand Total: 853 creatures vanquished

Notes
Turn   | Place    | Note
-------+----------+-------------------------------------------
     0 | D:1      | Spectrina the Djinni Venom Mage began the quest for the
                  | Orb.
     0 | D:1      | Spectrina set off with the following spells memorised:
                  | Sting, Poisonous Vapours, Mephitic Cloud, Olgreb's Toxic
                  | Radiance.
     0 | D:1      | Reached XP level 1. HP: 15/15 MP: 0/0
    76 | D:1      | Reached XP level 2. HP: 10/21 MP: 0/0
   296 | D:1      | Reached skill level 3 in Spellcasting
   432 | D:1      | Reached XP level 3. HP: 2/25 MP: 0/0
   432 | D:1      | Learned a level 1 spell: Apportation
   785 | D:1      | Found a faded altar of an unknown god.
   814 | D:2      | Noticed Natasha
   823 | D:2      | Killed Natasha
   824 | D:2      | Reached XP level 4. HP: 12/31 MP: 0/0
   909 | D:1      | Reached skill level 1 in Fighting
   948 | D:2      | Noticed Natasha
   956 | D:1      | Killed Natasha
   957 | D:1      | Reached skill level 1 in Invocations
   985 | D:2      | Noticed Sigmund
   990 | D:3      | Noticed Terence
  1019 | D:3      | Killed Terence
  1020 | D:3      | Reached XP level 5. HP: 12/37 MP: 0/0
  1020 | D:3      | Learned a level 2 spell: Call Imp
  1333 | D:3      | Found a sacrificial altar of Ru.
  1618 | D:3      | Reached XP level 6. HP: 37/43 MP: 0/0
  1744 | D:4      | Found Nisapicw's Antique Armour Emporium.
  1769 | D:4      | Reached skill level 4 in Spellcasting
  1797 | D:4      | Noticed an ogre
  1811 | D:4      | Killed an ogre
  1812 | D:4      | Reached XP level 7. HP: 49/49 MP: 0/0
  1812 | D:4      | Learned a level 3 spell: Conjure Flame
  1849 | D:4      | Found Ravytuqe's Distillery.
  2022 | D:4      | Found a staircase to the Ecumenical Temple.
  2037 | D:4      | Identified the +0 scale mail "Rasoetiud" {Dex+2}
  2037 | D:4      | Noticed Ijyb
  2061 | D:4      | Killed Ijyb
  2070 | Temple   | Entered the Ecumenical Temple
  2108 | Temple   | Became a worshipper of Yredelemnul the Dark
  2208 | D:4      | Found Nal Daxoxt's Book Boutique.
  2447 | D:4      | Found Bikhlach's Assorted Antiques.
  2453 | D:4      | Found an iron altar of Okawaru.
  2455 | D:4      | Bought a scroll labelled ERUICE MUM for 23 gold pieces
  2455 | D:4      | Bought a murky puce potion for 20 gold pieces
  2455 | D:4      | Bought an emerald potion for 20 gold pieces
  2783 | D:2      | Killed Sigmund
  2784 | D:2      | Reached skill level 5 in Spellcasting
  2784 | D:2      | Reached XP level 8. HP: 35/56 MP: 0/0
  2787 | D:2      | Your ally Sigmund died
  2897 | D:2      | Found a runed translucent door.
  2900 | D:2      | Noticed Crazy Yiuf
  2920 | D:2      | Killed Crazy Yiuf
  3054 | D:2      | Reached * piety under Yredelemnul
  3255 | D:5      | Entered Level 5 of the Dungeon
  3531 | D:5      | Found an opulent altar of Gozag.
  3544 | D:5      | Found a broken altar of Ashenzari.
  3545 | D:5      | Found a hazy altar of Hepliaklqana.
  3548 | D:5      | Found a burning altar of Makhleb.
  3548 | D:5      | Found a snail-covered altar of Cheibriados.
  3555 | D:5      | Found a glowing silver altar of Zin.
  3556 | D:5      | Found a sparkling altar of Nemelex Xobeh.
  3858 | D:5      | Reached XP level 9. HP: 23/63 MP: 0/0
  3858 | D:5      | Learned a level 4 spell: Petrify
  3870 | D:5      | Reached ** piety under Yredelemnul
  4159 | D:6      | Found Vieha's Armour Boutique.
  4210 | D:6      | Reached skill level 6 in Spellcasting
  4301 | D:6      | Reached *** piety under Yredelemnul
  4315 | D:6      | Reached skill level 5 in Fighting
  4328 | D:6      | Reached **** piety under Yredelemnul
  4328 | D:6      | Reached skill level 5 in Invocations
  4516 | D:6      | Reached skill level 5 in Stealth
  4551 | D:6      | Reached ***** piety under Yredelemnul
  4934 | D:7      | Noticed a two-headed ogre
  4960 | D:7      | Killed a two-headed ogre
  4961 | D:7      | Reached skill level 7 in Spellcasting
  4961 | D:7      | Reached XP level 10. HP: 10/72 MP: 0/0
  5012 | D:7      | Found a hide-covered altar of Uskayaw.
  5227 | D:7      | Noticed a two-headed ogre
  5247 | D:7      | Killed a two-headed ogre
  6255 | D:9      | Found a blossoming altar of Fedhas.
  6361 | D:9      | Noticed Maggie
  6398 | D:9      | Killed Maggie
  6399 | D:9      | Reached skill level 8 in Spellcasting
  6722 | D:9      | Reached XP level 11. HP: 69/78 MP: 0/0
  6722 | D:9      | Learned a level 4 spell: Animate Dead
  6880 | D:9      | Found a staircase to the Orcish Mines.
  6937 | Orc:1    | Entered Level 1 of the Orcish Mines
  6937 | Orc:1    | Noticed an orc knight
  6959 | Orc:1    | Killed an orc knight
  7109 | Orc:2    | Entered Level 2 of the Orcish Mines
  7117 | Orc:1    | Noticed an orc knight
  7153 | Orc:1    | Killed an orc knight
  7154 | Orc:1    | Reached skill level 9 in Spellcasting
  7243 | Orc:2    | Noticed an orc high priest
  7273 | Orc:2    | Killed an orc high priest
  7382 | Orc:2    | Noticed an orc high priest
  7386 | Orc:2    | Killed an orc high priest
  7410 | Orc:2    | Noticed an orc high priest
  7538 | Orc:1    | Killed an orc high priest
  7539 | Orc:1    | Reached XP level 12. HP: 75/86 MP: 0/0
  7709 | Orc:2    | Found Soisk's Distillery.
  7740 | Orc:2    | Found a staircase to the Elven Halls.
  7913 | Orc:2    | Noticed an orc high priest
  7916 | Orc:2    | Noticed an orc high priest
  7918 | Orc:2    | Found Xuat's Magic Scroll Shoppe.
  7918 | Orc:2    | Found Luan's Jewellery Boutique.
  7918 | Orc:2    | Noticed an orc high priest
  7929 | Orc:2    | Killed an orc high priest
  7931 | Orc:2    | Killed an orc high priest
  7937 | Orc:2    | Killed an orc high priest
  7999 | Orc:2    | Noticed an orc high priest
  8002 | Orc:2    | Reached skill level 10 in Spellcasting
  8006 | Orc:2    | Killed an orc high priest
  8028 | Orc:2    | Found Omeikaps's Distillery.
  8028 | Orc:2    | Found Jitaklin's Antique Armour Boutique.
  8043 | Orc:2    | Upgraded the game from 0.29-a0-994-gc5c9f59d18 to
                  | 0.29-a0-997-gf6f7e2dfe7
  8043 | Orc:2    | Bought 2 potions of haste for 220 gold pieces
  8043 | Orc:2    | Bought a potion of invisibility for 88 gold pieces
  8089 | Orc:2    | Bought a potion of heal wounds for 70 gold pieces
  8089 | Orc:2    | Bought a potion of heal wounds for 70 gold pieces
  8096 | Orc:2    | Noticed an orc high priest
  8103 | Orc:2    | Noticed a sixfirhy
  8112 | Orc:2    | HP: 4/88 [red devil/+0 trident[an orc high priest] (12)]
  8121 | Orc:2    | Killed an orc high priest
  8121 | Orc:2    | Enslaved an orc high priest
  8221 | Orc:2    | Bought a scroll of fear for 60 gold pieces
  8221 | Orc:2    | Bought a scroll of blinking for 112 gold pieces
  8449 | D:4      | Bought a fading cloak for 171 gold pieces
  8449 | D:4      | Identified the +2 cloak of the Cicada {rN+ Regen+} (You
                  | bought it in a shop on level 4 of the Dungeon)
  8505 | D:4      | Bought a distressingly furry scale mail for 207 gold pieces
  8505 | D:4      | Identified the +4 scale mail of the Blind Marksman {Will+}
                  | (You bought it in a shop on level 4 of the Dungeon)
  8505 | D:4      | Bought a glowing glass wand for 92 gold pieces
  8505 | D:4      | Bought a gold wand for 92 gold pieces
  8669 | D:10     | Entered Level 10 of the Dungeon
  8771 | D:10     | Noticed Harold
  8799 | D:10     | Noticed Erolcha
  8805 | D:10     | Killed Harold
  8806 | D:10     | Gained mutation: You are occasionally teleported next to
                  | monsters. [potion of mutation]
  8806 | D:10     | Gained mutation: You have hidden genetic potential. [potion
                  | of mutation]
  8810 | D:10     | Killed Erolcha
  9045 | D:10     | Lost mutation: You have hidden genetic potential. [potion
                  | of mutation]
  9045 | D:10     | Lost mutation: You are occasionally teleported next to
                  | monsters. [potion of mutation]
  9045 | D:10     | Gained mutation: Your muscles are strong. (Str +4, Int/Dex
                  | -1) [potion of mutation]
  9045 | D:10     | Gained mutation: You are partially covered in iridescent
                  | scales. (AC +2) [potion of mutation]
  9045 | D:10     | Gained mutation: You are somewhat resistant to further
                  | mutation. [potion of mutation]
  9045 | D:10     | Gained mutation: You are mostly covered in iridescent
                  | scales. (AC +4) [potion of mutation]
  9562 | D:11     | Noticed a two-headed ogre
  9617 | D:11     | Noticed a seven-headed hydra
  9633 | D:11     | Killed a seven-headed hydra
  9652 | D:11     | Reached XP level 13. HP: 86/94 MP: 0/0
  9652 | D:11     | Learned a level 5 spell: Metabolic Englaciation
  9925 | D:11     | Found a staircase to the Lair.
 10096 | D:11     | Found a broken altar of Ashenzari.
 10197 | Lair:1   | Entered Level 1 of the Lair of Beasts
 10225 | Lair:1   | Reached skill level 11 in Spellcasting
 10265 | Lair:1   | Identified the +6 war axe of Manosyiw {speed, rPois rC++
                  | Int-3}
 10442 | Lair:1   | Noticed a catoblepas
 10460 | Lair:1   | Killed a catoblepas
 10460 | Lair:1   | Enslaved a catoblepas
 10879 | Lair:2   | Reached skill level 10 in Fighting
 10924 | Lair:2   | Reached skill level 10 in Invocations
 10938 | Lair:2   | You are sucked into a shaft and drop 1 floor!
 10959 | Lair:3   | Reached ****** piety under Yredelemnul
 10961 | Lair:3   | Noticed a catoblepas
 10971 | Lair:3   | Killed a catoblepas
 11003 | Lair:3   | Noticed a catoblepas
 11011 | Lair:3   | Killed a catoblepas
 11021 | Lair:3   | Reached XP level 14. HP: 82/103 MP: 0/0
 11065 | Lair:3   | Identified the +3 chain mail of Cheibriados, Hurling {Fly
                  | rN+ rCorr Dex+3}
 11193 | Lair:3   | Reached skill level 12 in Spellcasting
 11207 | Lair:3   | Reached skill level 10 in Stealth
 11273 | Lair:3   | Found a staircase to the Swamp.
 11529 | Lair:4   | Found a staircase to the Slime Pits.
 11529 | Lair:4   | Found a viscous altar of Jiyva.
 11904 | Lair:5   | Entered Level 5 of the Lair of Beasts
 12119 | Lair:5   | Reached XP level 15. HP: 58/111 MP: 0/0
 12119 | Lair:5   | Learned a level 6 spell: Dispersal
 12198 | Lair:5   | Identified the +6 ring mail of the Barber Surgeon {rF-
                  | Dex+3 Slay+4}
 12205 | Lair:5   | Identified the +5 trident "Jeigil" {speed, rF+ Dex+2}
 12213 | Lair:5   | Identified the +5 hand axe "Taciuwyrgh" {vorpal, rN+ Str+4}
 12217 | Lair:5   | Identified the +4 lajatang "Kipsips" {vorpal, Str+2}
 12220 | Lair:5   | Reached skill level 13 in Spellcasting
 12252 | Lair:5   | Identified the +2 pair of boots of Soghud {Will+ Int+7}
 12620 | Swamp:1  | Entered Level 1 of the Swamp
 12697 | Swamp:1  | Found a frozen archway.
 12711 | IceCv    | Entered an ice cave
 12841 | IceCv    | Noticed a white very ugly thing
 12867 | IceCv    | Killed a white very ugly thing
 12997 | IceCv    | Noticed a white very ugly thing
 13029 | IceCv    | HP: 4/112 [freezing wraith (15)]
 13030 | IceCv    | Slain by a freezing wraith

Illustrated notes

Levels and vault maps discovered:
D:1:      giann_wishing_wells, layout_rooms,
          dreamdust_ecumenical_altar_drowned_temple,
          kennysheep_decorative_pillar
D:2:      layout_loops_ring, uniq_crazy_yiuf_cottage, uniq_sigmund, uniq_natasha
D:3:      layout_rooms, nicolae_ru_great_annihilating_truth, minmay_puff,
          uniq_terence
D:4:      layout_basic, okawaru_gym_becter, minmay_temple_entry_ruins,
          serial_shops, shop, shop_statue, shop, kennysheep_mini, uniq_ijyb
D:5:      layout_gridville, grunt_gozag_statues, grunt_temple_overflow_open
D:6:      layout_loops_ring, serial_shops, nicolae_shop_hallway_stairs,
          hangedman_decor_diamond_cutter
D:7:      layout_loops_ring, nicolae_uskayaw_suspiria, minmay_bent
D:8:      layout_layer_cave, overflow_temple_1_default, special_room
          [special_room_orc]
D:9:      layout_loops_ring, fedhas_altar_3, erik_orc_1, hangedman_decor_push,
          kennysheep_potato, uniq_maggie
D:10:     cheibrodos_helix_gallery, layout_loops_cross, uniq_erolcha,
          uniq_harold
D:11:     layout_layer_cave, erik_lair_island, serial_bayou,
          serial_bayou_shore_b, serial_bayou_shore_a, serial_bayou_crossing,
          serial_bayou_pond_e, ashenzari_altar_1
Temple:   chequers_temple_sunken
Lair:1:   beast_lair_carwin_large_4, layout_loops_ring
Lair:2:   layout_gridlike, minmay_snake_entry_six_corridors
Lair:3:   layout_gridlike, swamp_mist, lemuel_fruit_fields
Lair:4:   layout_gridlike, minmay_slime_entry_pillars,
          cheibrodos_lair_lostbears, grunt_megastairs_3, serial_bayou_shore_b,
          serial_bayou_shore_b
Lair:5:   gammafunk_lair_ancient_temple, layout_loops_ring, pond,
          grunt_megastairs_5, lemuel_fruit_fields
Swamp:1:  gammafunk_worm_tunnel, layout_basic_swamp,
          portal_ice_cave_entry_pillars_2, ebering_ghost_funeral_grove,
          evilmike_swamp_ruin_house_2, swamp_pool5, infiniplex_staircase_pool_2,
          uniq_donald
Orc:1:    layout_caves, basic_altar
Orc:2:    st_orc_town, layout_caves, serial_shops, shop_statue,
          hellmonk_bongcloud_opening
IceCv:    ice_cave_statue_garden_chambered

Skill      XL: |  1  2  3  4  5  6  7  8  9 10 11 12 13 14 15 |
---------------+----------------------------------------------+-----
Spellcasting   | 3 4 5 7 8 9 10 11 12 13 | 13.2
Fighting       | 1 2 3 4 5 6 8 9 10 11 | 11.9
Stealth        | 2 3 4 5 6 7 8 9 10 11 | 11.0
Invocations    | 1 2 3 4 5 6 8 9 10 11 | 11.8
Dodging        | |  2.1

Action                   |  1- 3 |  4- 6 |  7- 9 | 10-12 | 13-15 || total
-------------------------+-------+-------+-------+-------+-------++-------
Melee: Unarmed           |       |    12 |       |    13 |       ||    25
       Morningstar       |       |     4 |    46 |     5 |       ||    55
       Whip              |       |       |    45 |    10 |     8 ||    63
       Staff             |       |       |       |     1 |     2 ||     3
       Trident           |       |       |       |       |    60 ||    60
       War axe           |       |       |       |       |     4 ||     4
 Fire: Sling             |     2 |    48 |     2 |    20 |     1 ||    73
 Cast: Sting             |    32 |    28 |    44 |    28 |    25 ||   157
       Poisonous Vapours |    12 |    27 |    94 |    97 |    29 ||   259
       Mephitic Cloud    |       |     1 |     8 |    20 |     1 ||    30
       Call Imp          |       |     3 |    15 |    33 |    20 ||    71
       Conjure Flame     |       |       |    18 |    24 |    56 ||    98
       Olgreb's Toxic Ra |       |       |     6 |    66 |    88 ||   160
       Petrify           |       |       |     2 |    57 |     7 ||    66
       Metabolic Englaci |       |       |       |       |    70 ||    70
       Dispersal         |       |       |       |       |     7 ||     7
Invok: Recall Undead Har |       |       |     2 |     7 |    10 ||    19
       Bind Soul         |       |       |     1 |     1 |     2 ||     4
       Dark Bargain      |       |       |       |     2 |     9 ||    11
Evoke: Wand              |       |       |       |     6 |    16 ||    22
       Piece from Xom's  |       |       |       |     1 |    16 ||    17
  Use: Scroll            |     1 |     4 |     3 |     9 |     6 ||    23
       Potion            |       |     3 |       |    16 |     5 ||    24
 Stab: Paralysed         |       |     2 |       |       |       ||     2
       Sleeping          |       |       |     1 |       |       ||     1
       Petrified         |       |       |    11 |    22 |     1 ||    34
       Distracted        |       |       |     1 |     1 |     1 ||     3
       Confused          |       |       |     1 |       |       ||     1
Armor: Robe              |     4 |       |       |       |       ||     4
       Ring mail         |     2 |    23 |    54 |     3 |    58 ||   140
       Skin              |       |    10 |       |     7 |       ||    17
       Scale mail        |       |       |     2 |    35 |    38 ||    75
       Acid dragon scale |       |       |       |    25 |       ||    25
       Chain mail        |       |       |       |       |    35 ||    35
Dodge: Dodged            |     9 |    22 |    56 |    64 |    70 ||   221
Block: Buckler           |       |       |    12 |    16 |    37 ||    65
       Kite shield       |       |       |       |       |     6 ||     6

Table legend: (Time is in decaauts)
 A = Elapsed time spent in this place.
 B = Non-inter-level travel time spent in this place.
 C = Inter-level travel time spent in this place.
 D = Time resting spent in this place.
 E = Time spent auto-exploring this place.
 F = Levels seen in this place.
 G = Mean time per level.
                   A        B        C        D        E       F      G
               +--------+--------+--------+--------+--------+-----+--------+
         Total |  13096 |  11326 |   1770 |      0 |      0 |  21 |  623.6 |
       Dungeon |   8873 |   7440 |   1433 |      0 |      0 |  11 |  806.6 |
        Temple |     60 |     42 |     18 |      0 |      0 |   1 |   60.0 |
          Lair |   2452 |   2256 |    196 |      0 |      0 |   5 |  490.4 |
         Swamp |     86 |     86 |      0 |      0 |      0 |   1 |   86.0 |
  Orcish Mines |   1326 |   1204 |    122 |      0 |      0 |   2 |  663.0 |
      Ice Cave |    296 |    296 |      0 |      0 |      0 |   1 |  296.0 |
               +--------+--------+--------+--------+--------+-----+--------+

Top non-repeatable levels by time:
     D:8: 1020 daAuts
     D:3: 969 daAuts
     D:4: 929 daAuts
     D:1: 929 daAuts
   Orc:2: 878 daAuts
     D:5: 845 daAuts
     D:9: 833 daAuts
    D:10: 734 daAuts
     D:7: 718 daAuts
     D:6: 703 daAuts
  Lair:5: 681 daAuts
    D:11: 670 daAuts
  Lair:1: 642 daAuts
     D:2: 518 daAuts
  Lair:3: 515 daAuts
